cohdb
Replays
Latest Replays
All Replays
Popular Replays
Top Player Replays
Match Explorer
How It Works
Community
CoH3 Stats
Reddit
Sign in to upload your games and track your stats! →
Sign in with Steam
Match 41449375
Unlisted
Match 41449375
Overview
Messages
Build Orders
End
Scout Squad
Construct Barracks
Selects Airborne Battlegroup
Selects Pathfinders
Riflemen Squad
Riflemen Squad
Riflemen Squad
Selects Paratrooper Squad Paradrop
Infantry Support Center
Construct Medical Station
Construct Motor Pool
Selects Smoke Bombing Run
Selects Anti-tank Gun Team Paradrop
M8 Greyhound Armored Car
Grenade Package
Engineer Squad
M1918 Browning Automatic Rifles
Selects Supply Drop
M24 Chaffee Light Tank
Selects Carpet Bombing Run
Anti-tank Gun Team Paradrop
AI Takeover
CH1CK3NW1NGZ
BIOHAZARD
0
0
Comments
sign in to comment!
No comments posted yet!